 Dungeon Crawl Stone Soup version 0.19.5 (webtiles) character file.

429 tidbits the Slasher (level 6, 8/67 HPs)
             Began as a High Elf Wanderer on Oct 29, 2017.
             Quit the game on level 5 of the Dungeon.
             The game lasted 00:07:31 (1036 turns).

tidbits the Slasher (High Elf Wanderer)             Turns: 1036, Time: 00:07:32

Health: 8/67       AC: 23    Str: 16 (18) XL:     6   Next: 66%
Magic:  8/8        EV:  2    Int: 15 (16) God:
Gold:   127        SH:  0    Dex: 17 (20) Spells: 0 memorised, 5 levels left

rFire  . . .     SeeInvis .     a - +1 falchion (slice)
rCold  . . .     Gourm    .     (armour currently unavailable)
rNeg   + + +     Faith    .     (no shield)
rPois  +         Spirit   .     (helmet currently unavailable)
rElec  .         Reflect  .     (cloak currently unavailable)
rCorr  .         Harm     .     (gloves currently unavailable)
MR     .....     NoTele   +     (boots currently unavailable)
Stlth  +++.......               (no amulet)
                                (no ring)
                                (no ring)

@: mighty, agile, lethally poisoned (8 -> -9), tree-form
A: no striking features
a: no special abilities


You were on level 5 of the Dungeon.
You were not hungry.
You were a tree.
You visited 1 branch of the dungeon, and saw 5 of its levels.

You collected 127 gold pieces.

Inventory:

Hand Weapons
 a - a +1 falchion of slicing (weapon)
   (You took it off an orc on level 3 of the Dungeon)
 b - a +0 hunting sling
   (You found it on level 1 of the Dungeon)
 c - a +0 quarterstaff
Missiles
 h - 108 stones
 l - 28 arrows
 m - 2 throwing nets (quivered) {!f}
 o - 3 tomahawks
 s - 5 needles of confusion
 t - 11 sling bullets
Armour
 e - a +0 leather armour
 B - a +0 ring mail (melded)
   (You found it on level 1 of the Dungeon)
Jewellery
 k - an uncursed ring of fire
   (You found it on level 1 of the Dungeon)
Wands
 d - a wand of random effects (6/48)
Scrolls
 g - 3 scrolls of identify {unknown}
 j - a scroll of random uselessness {unknown}
 n - a scroll of teleportation {unknown}
 r - a scroll of blinking {unknown}
 w - a scroll of enchant weapon {unknown}
Potions
 q - a potion of agility
Comestibles
 f - 5 bread rations
 p - a meat ration


   Skills:
 - Level 5.2 Fighting
 + Level 5.7 Long Blades
 - Level 1.0 Staves
 - Level 4.3 Dodging
 - Level 1.1 Stealth
 - Level 2.0 Evocations


You had 5 spell levels left.
You didn't know any spells.

Dungeon Overview and Level Annotations

Branches:
Dungeon (5/15)
 Temple: D:4-7

Altars:
The Shining One


Message History

A gnoll sergeant comes into view. It is wielding a spear of venom.
Firing (i - inventory. (,) - cycle):
t - 12 sling bullets (quivered)
Press: ? - help, Shift-Dir - straight line, f/p - orc
Aim: an orc, wielding a quarterstaff and wearing a leather armour You shoot a sling bullet.
The sling bullet barely misses the orc.
Press: ? - help, v - describe, . - travel
Here: a gnoll sergeant, wielding a spear of venom and wearing a ring mail The floor.
a - a +1 falchion of slicing (weapon)
You hit the orc.
The orc is heavily wounded.
The orc hits you with a quarterstaff.
Your ring mail prevents you from hitting the orc.
The orc is heavily wounded.
The orc hits you but does no damage.
You closely miss the orc.
The orc is moderately wounded.
The orc hits you with a quarterstaff.
The gnoll sergeant hits you but does no damage.
You are poisoned.
Evoke which item? (* to show all) (? for menu, Esc to quit)
Zapping:
d - a wand of random effects (13/48)
Press: ? - help, Shift-Dir - straight line, f - gnoll sergeant, p - orc
Aim: a gnoll sergeant, wielding a spear of venom and wearing a ring mail The puff of flame misses the orc.
The puff of flame misses the gnoll sergeant.
This wand has 12 charges left.
You feel sick. The orc misses you.
The gnoll sergeant hits you but does no damage.
You are more poisoned.
Evoke which item? (* to show all) (? for menu, Esc to quit)
Zapping:
d - a wand of random effects (12/48)
Press: ? - help, Shift-Dir - straight line, f/p - gnoll sergeant
Aim: a gnoll sergeant, wielding a spear of venom and wearing a ring mail The orc struggles to resist.
This wand has 11 charges left.
You feel sick. The orc hits you with a quarterstaff.
The gnoll sergeant hits you from afar with a spear of venom.
You are more poisoned.
Evoke which item? (* to show all) (? for menu, Esc to quit)
Zapping:
d - a wand of random effects (11/48)
Press: ? - help, Shift-Dir - straight line, f/p - gnoll sergeant
Aim: a gnoll sergeant, wielding a spear of venom and wearing a ring mail The orc evaporates and reforms as a ball python!
This wand has 10 charges left.
You feel sick. The ball python closely misses you.
The ball python barely misses you. The gnoll sergeant closely misses you.
Unknown command.
Evoke which item? (* to show all) (? for menu, Esc to quit)
Zapping:
d - a wand of random effects (10/48)
Press: ? - help, Shift-Dir - straight line, f/p - gnoll sergeant
Aim: a gnoll sergeant, wielding a spear of venom and wearing a ring mail The bolt of negative energy hits the ball python.
The ball python is drained!
You kill the ball python!
The bolt of negative energy hits the gnoll sergeant.
The gnoll sergeant is drained!
The gnoll sergeant is heavily wounded.
This wand has 9 charges left.
You feel sick. The gnoll sergeant closely misses you.
Evoke which item? (* to show all) (? for menu, Esc to quit)
Zapping:
d - a wand of random effects (9/48)
Press: ? - help, Shift-Dir - straight line, f/p - gnoll sergeant
Aim: a gnoll sergeant, wielding a spear of venom and wearing a ring mail (heavily wounded, lightly drained)
The gnoll sergeant flickers and vanishes!
This wand has 8 charges left.
You feel sick. Something hits you.
* * * LOW HITPOINT WARNING * * *
You are lethally poisoned!
Evoke which item? (* to show all) (? for menu, Esc to quit)
Zapping:
d - a wand of random effects (8/48)
Press: ? - help, Shift-Dir - straight line The puff of flame hits something.
This wand has 7 charges left.
* * * LOW HITPOINT WARNING * * *
You feel sick. Something hits you.
* * * LOW HITPOINT WARNING * * *
You are more poisoned.
Evoke which item? (* to show all) (? for menu, Esc to quit)
Zapping:
d - a wand of random effects (7/48)
Press: ? - help, Shift-Dir - straight line The bolt of fire hits something.
You feel a bit more experienced.
This wand has 6 charges left.
* * * LOW HITPOINT WARNING * * *
You feel sick.
It was a potion of agility.
You feel agile all of a sudden.
* * * LOW HITPOINT WARNING * * *
You feel very sick.
It was a potion of lignification.
You turn into a tree.
Your +0 ring mail melds into your body.
Your roots penetrate the ground.
* * * LOW HITPOINT WARNING * * *
You feel sick.
Okay, then.
It was a potion of degeneration.
There was something very wrong with that liquid.
You feel weakened.
You feel dopey.
You feel clumsy.
* * * LOW HITPOINT WARNING * * *
You feel sick.
It was a potion of might.
You feel very mighty all of a sudden.
* * * LOW HITPOINT WARNING * * *
You feel sick.
Are you sure you want to abandon this character and quit the game? (Confirm with "yes".)

...# #.#.
#..#..##.## # #..#
... #.......## #.
#..###+##..
###.##.## #.
#......#.. ## ##.##
#.. #..... #.# ..
##.##
##############.# .#
##.#
...............# #.#
##..
((.......g...o.##..#
##.#.
##############.#♣..#
#.### ....Z# #))...#
##.#. #.....#
#.#.#.# ##.# #..#..#
##.##.# #.# #..#..#
#.....# #†# ...#...
#.....# ### #.# ..
#... ##.##.###.##
#.# #.........# #.#
####.###.########.#


There were no monsters in sight!

Vanquished Creatures
  The ghost of tidbits the Slasher, an amateur HEWn (D:3)
  A gnoll sergeant (D:5)
  3 crimson imps (D:5)
  A bullfrog zombie (D:5)
  An orc wizard (D:4)
  A hound (D:5)
  A hound zombie (D:5)
  An adder (D:4)
  An adder skeleton (D:4)
  2 worms
  A leopard gecko (D:5)
  7 orcs
  2 goblins
  2 quokkas
  2 ball pythons
  A bat (D:1)
  2 frilled lizards (D:1)
  A giant cockroach zombie (D:5)
  A kobold (D:1)
  A leopard gecko skeleton (D:5)
  A rat (D:3)
34 creatures vanquished.

Notes
Turn   | Place    | Note
-------+----------+-------------------------------------------
     0 | D:1      | tidbits the High Elf Wanderer began the quest for the Orb.
     0 | D:1      | tidbits set off with: a +0 leather armour, 2 throwing nets {!f}, a +0 quarterstaff, a wand of random effects (15/48), a bread ration
     0 | D:1      | Reached XP level 1. HP: 17/17 MP: 3/3
   351 | D:3      | Noticed tidbits's ghost (amateur HEWn)
   361 | D:3      | Killed tidbits's ghost
   361 | D:3      | Reached skill level 5 in Fighting
   361 | D:3      | Reached skill level 4 in Dodging
   361 | D:3      | Reached XP level 2. HP: 24/24 MP: 4/4
   361 | D:3      | Reached XP level 3. HP: 29/29 MP: 5/5
   361 | D:3      | Reached XP level 4. HP: 35/35 MP: 6/6
   437 | D:3      | Reached XP level 5. HP: 16/39 MP: 7/7
   498 | D:5      | Entered Level 5 of the Dungeon
   505 | D:5      | Reached skill level 1 in Long Blades
   647 | D:4      | Reached skill level 2 in Long Blades
   757 | D:4      | Found a glowing golden altar of the Shining One.
   777 | D:5      | Reached skill level 3 in Long Blades
   780 | D:5      | Reached skill level 4 in Long Blades
   780 | D:5      | Reached XP level 6. HP: 32/45 MP: 8/8
   968 | D:5      | Reached skill level 5 in Long Blades
  1036 | D:5      | Quit the game

Skill      XL: |  1  2  3  4  5  6 |
---------------+-------------------+-----
Fighting       | 5 |  5.2
Dodging        | 4 |  4.3
Long Blades    | 4 5 |  5.7
Staves         | |  1.0
Stealth        | |  1.1
Evocations     | |  2.0

Action                   |  1- 3 |  4- 6 || total
-------------------------+-------+-------++-------
Melee: Quarterstaff      |    19 |    42 ||    61
       Falchion          |       |    63 ||    63
 Fire: Hunting sling     |       |    12 ||    12
Evoke: Wand              |     2 |     7 ||     9
  Use: Potion            |     2 |     4 ||     6
 Stab: Paralysed         |     5 |       ||     5
  Eat: Pizza             |       |     1 ||     1
Armor: Ring mail         |     3 |    29 ||    32
       Leather armour    |     1 |       ||     1
Dodge: Dodged            |     7 |    61 ||    68
       Rpst.: Falchion   |       |    17 ||    17

Table legend:
 A = Turns spent in this place as a percentage of turns spent in the entire game.
 B = Non-inter-level travel turns spent in this place as a percentage of non-inter-level travel turns spent in the entire game.
 C = Inter-level travel turns spent in this place as a percentage of turns spent in this place.
 D = Turns resting spent in this place as a percentage of non-inter-level travel turns spent in this place.
 E = Turns spent auto-exploring this place as a percentage of non-inter-level travel turns spent in this place.
 F = Non-inter-level travel turns spent in this place divided by the number of levels of this place that you've seen.
                   A       B       C       D       E      F
               +-------+-------+-------+-------+-------+----------------------
         Total | 100.0 | 100.0 |   0.0 |   0.0 |   0.0 | 191.4
       Dungeon | 100.0 | 100.0 |   0.0 |   0.0 |   0.0 | 191.4
               +-------+-------+-------+-------+-------+----------------------

Table legend:
 A = Kills in this place as a percentage of kills in entire the game.
 B = Kills by you in this place as a percentage of kills by you in the entire game.
 C = Kills by friends in this place as a percentage of kills by friends in the entire game.
 D = Other kills in this place as a percentage of other kills in the entire game.
 E = Experience gained in this place as a percentage of experience gained in the entire game.
 F = Experience gained in this place divided by the number of levels of this place that you have seen.
                   A       B       C       D       E      F
               +-------+-------+-------+-------+-------+----------------------
         Total | 100.0 | 100.0 |  -nan |  -nan | 100.0 | 122.6
       Dungeon | 100.0 | 100.0 |  -nan |  -nan | 100.0 | 122.6
               +-------+-------+-------+-------+-------+----------------------

Vault maps used:
D:1:      minmay_arrival_five_plusses, feat_on_display
D:2:      kennysheep_big_flooded_room, lemuel_coloured_pillars_altar,
          elyvilon_altar_1, uniq_terence, uniq_natasha
D:3:      lemuel_zombie_altar_kikubaaqudgha, uniq_grinder
D:4:      nicolae_overflow_crystal_walls, lemuel_crystal_altar,
          minmay_three_crescents
D:5:      kennysheep_windowed_halls, minmay_temple_entry_poolview, first_bread
